 Dungeon Crawl Stone Soup version 0.23.0-2-g0fe3ce5 (webtiles) character file.

Game seed: 6796144714044729533

6513 Folque the Geomancer (level 10, -2/74 HPs)
             Began as a Green Draconian Earth Elementalist on Feb 19, 2019.
             Was a Priest of Sif Muna.
             Slain by an unseen horror (7 damage)
             ... on level 10 of the Dungeon.
             The game lasted 00:44:56 (10191 turns).

Folque the Geomancer (DrEE)                        Turns: 10191, Time: 00:44:56

Health: -2/74      AC:  8    Str: 10    XL:     10   Next: 69%
Magic:  3/17       EV: 16    Int: 19    God:    Sif Muna [***...]
Gold:   460        SH:  0    Dex: 16    Spells: 4/19 levels left

rFire    . . .     SeeInvis .   F - +0 dagger
rCold    . . .     Gourm    .   (no shield)
rNeg     . . .     Faith    .   (armour unavailable)
rPois    +         Spirit   .   (helmet restricted)
rElec    .         Reflect  .   p - scarf {cloud immunity}
rCorr    .         Harm     .   (no gloves)
MR       .....                  m - +0 pair of boots (curse)
Stlth    +++.......             (no amulet)
HPRegen  0.22/turn              Q - ring of Rotoav {rPois Dex+4}
MPRegen  0.15/turn              (no ring)

@: starving, hasted, divine energy, very quick
A: breathe noxious fumes, unfitting armour, poison resistance, cold-blooded, AC
+7
a: Breathe Noxious Fumes, Stop Divine Energy, Channel Magic, Renounce Religion


You were on level 10 of the Dungeon.
You worshipped Sif Muna.
Sif Muna was most pleased with you.
You were starving.

You visited 2 branches of the dungeon, and saw 11 of its levels.

You collected 460 gold pieces.

Inventory:

Hand Weapons
 a - a +0 hand axe
 C - a +2 whip of electrocution
 E - a +2 dagger of venom
 F - a +0 dagger (weapon)
 I - a +3 quarterstaff of chaos
 P - a +0 long sword
 S - a +1 long sword of holy wrath
Missiles
 b - 282 stones (quivered)
 j - 17 tomahawks
 z - 27 poisoned needles
 J - 3 throwing nets
 N - 6 javelins
Armour
 i - a +0 buckler
 m - a cursed +0 pair of boots (worn)
 o - a +0 cloak
 p - a scarf of cloud immunity (worn)
 G - a scarf of resistance
Jewellery
 l - an uncursed ring of poison resistance {unknown}
 r - an uncursed amulet of guardian spirit
 A - an uncursed ring of protection from cold {unknown}
 L - a cursed ring of teleportation {unknown}
 M - an uncursed ring of resist corrosion {unknown}
 Q - the ring of Rotoav (left hand) {rPois Dex+4}
   (You found it on level 8 of the Dungeon)

   [ring of poison resistance]

   It affects your dexterity (+4).
   It protects you from poison.
 V - a cursed ring of attention {unknown}
Wands
 v - a wand of flame (15)
 x - a wand of acid (6)
 K - a wand of scattershot (5)
 U - a wand of random effects (14)
Scrolls
 d - 2 scrolls of fog {unknown}
 f - 3 scrolls of enchant weapon {unknown}
 g - 3 scrolls of magic mapping {unknown}
 h - 5 scrolls of identify
 k - 3 scrolls of random uselessness {unknown}
 q - a scroll of enchant armour {unknown}
 u - 2 scrolls of remove curse {unknown}
 w - 2 scrolls of teleportation
 y - a scroll of holy word {unknown}
 D - a scroll of fear {unknown}
 H - a scroll of noise {unknown}
Potions
 e - 2 potions of might
 n - 2 potions of agility
 s - 5 potions of lignification
 t - a potion of heal wounds {unknown}
 B - a potion of cancellation {unknown}
 O - a potion of berserk rage {unknown}
 T - a potion of invisibility {unknown}
Comestibles
 c - 15 rations


   Skills:
 - Level 2.3 Fighting
 + Level 3.9 Short Blades
 + Level 6.1 Dodging
 - Level 5.0 Stealth
 + Level 2.3 Shields
 - Level 5.1 Spellcasting
 + Level 7.3 Conjurations
 - Level 3.0 Transmutations
 + Level 9.5 Earth Magic
 - Level 0.7 Invocations


You had 4 spell levels left.
You knew the following spells:

 Your Spells              Type           Power        Failure   Level  Hunger
a - Sandblast             Erth           #####.       1%          1    None
b - Passwall              Tmut/Erth      ####....     1%          2    #......
c - Stone Arrow           Conj/Erth      #####.       1%          3    ##.....
d - Lee's Rapid Deconstr  Erth           #####.....   7%          5    ######.
e - Petrify               Tmut/Erth      ####....     10%         4    ####...

Your spell library contained the following spells:

 Spells                   Type           Power        Failure   Level  Hunger
 Blink                    Tloc           N/A          19%         2    #......
 Shroud of Golubria       Chrm/Tloc      #.........   19%         2    #......
 Gell's Gravitas          Tloc           #.........   36%         3    ##.....
 Lesser Beckoning         Tloc           #.........   36%         3    ##.....
 Teleport Other           Tloc           #.......     36%         3    ##.....
 Passage of Golubria      Tloc           N/A          77%         4    ####...


Dungeon Overview and Level Annotations

Branches:
Dungeon (10/15)            Temple (1/1) D:5            Lair (0/6) D:9
    Orc: D:9-12

Altars:
Ashenzari
Cheibriados
Dithmenos
Elyvilon
Fedhas
Gozag
Hepliaklqana
Kikubaaqudgha
Makhleb
Nemelex Xobeh
Okawaru
Qazlal
Ru
Sif Muna
Trog
Uskayaw
Vehumet
Wu Jian
Xom
Yredelemnul
Zin
The Shining One

Annotations:
D:9 Erolcha


Innate Abilities, Weirdness & Mutations

You can breathe blasts of noxious fumes.
Your lurid green scales are hard. (AC +7)
You cannot fit into any form of body armour.
Your system is resistant to poisons. (rPois)
You are cold-blooded and may be slowed by cold attacks.


Message History

Something hits you but does no damage. Something hits you. Something hits you.
Something hits you. Something hits you but does no damage.
Something hits you but does no damage. Something hits you!
Something hits you but does no damage. Something hits you.
Something hits you but does no damage. Something hits you. Something hits you.
* * * LOW HITPOINT WARNING * * *
You feel yourself speed up. Something hits you.
* * * LOW HITPOINT WARNING * * *
Something hits you!
* * * LOW HITPOINT WARNING * * *
Something hits you but does no damage.
Okay, then.
Something hits you!
You die...

##### #.###.#
#.####.#####.##..
.##.#####.....#
#....."...#.#(#.#
.#....)...##..#
#...(..##..###{..
.#..########..#
#[#######.## #...
.#......####..###.#
##.###.#.
.##..........O..#.#####
##.#....
.##.###.####.#..#.....#
##.####
....###.####..#.#####.#
#.# #
#####..[..##.###@####.#
#.####
.#.#.#.#.#.#.#.#.#)##.#
#.....
......................#
######
.#.#.#.#.#.#.#.#.#>#..#
....................#.#
.#.#.#.#.#.#.#.#.#.##.#
#######(.#####.....##.#
# #.()## #..#####.# #
#(### #.## #.#


You could see a two-headed ogre.

Vanquished Creatures
  Harold (D:7)
  Pikel (D:6)
  A hippogriff (D:8)
  Eustachio (D:4)
  Menkaure (D:7)
  5 orc warriors
  5 ice beasts
  2 slaves (D:6)
  3 sky beasts
  A phantom (D:7)
  A black bear (D:10)
  5 ogres
  A necrophage (D:10)
  5 centaurs
  A big kobold (D:9)
  5 bullfrogs
  A gnoll sergeant (D:7)
  3 scorpions
  6 killer bees (D:8)
  4 howler monkeys
  2 centaur zombies
  5 crimson imps
  2 hounds
  A quasit (D:7)
  A bullfrog zombie (D:6)
  3 jellies
  Crazy Yiuf (D:7)
  5 orc priests
  6 orc wizards
  A centaur skeleton (D:8)
  7 worker ants
  A killer bee zombie (D:5)
  A hound zombie (D:7)
  A hound skeleton (D:4)
  A howler monkey zombie (D:9)
  5 gnolls (D:7)
  16 adders
  A river rat (D:6)
  2 shadow imps
  2 oozes
  An adder zombie (D:6)
  3 adder skeletons (D:8)
  2 worms
  2 dart slugs
  4 leopard geckos
  33 orcs
  A ball python (D:1)
  6 giant cockroaches
  5 goblins
  6 hobgoblins
  23 jackals
  12 kobolds
  4 quokkas
  3 bats
  3 frilled lizards
  A hobgoblin zombie (D:8)
  A leopard gecko skeleton (D:4)
  An orc zombie (D:8)
  2 rats
  2 bushes (D:3)
  A plant (D:3)
233 creatures vanquished.

Notes
Turn   | Place    | Note
-------+----------+-------------------------------------------
     0 | D:1      | Folque the Draconian Earth Elementalist began the quest for
                  | the Orb.
     0 | D:1      | Reached XP level 1. HP: 14/14 MP: 3/3
     6 | D:1      | Noticed a hound
     6 | D:1      | Noticed a black mamba
     6 | D:1      | Noticed a wyvern
     6 | D:1      | Noticed a polar bear
   307 | D:1      | Reached XP level 2. HP: 13/22 MP: 3/5
   401 | D:1      | Reached skill level 1 in Fighting
   411 | D:1      | Learned a level 2 spell: Passwall
   945 | D:2      | Reached XP level 3. HP: 17/28 MP: 4/7
   957 | D:2      | Learned a level 3 spell: Stone Arrow
  1410 | D:3      | Found a bloodstained altar of Trog.
  1624 | D:3      | Reached XP level 4. HP: 18/36 MP: 8/8
  2406 | D:4      | Noticed an ogre
  2410 | D:4      | Killed an ogre
  2410 | D:4      | Reached skill level 4 in Earth Magic
  2410 | D:4      | Reached XP level 5. HP: 42/42 MP: 1/10
  2417 | D:4      | Learned a level 5 spell: Lee's Rapid Deconstruction
  2634 | D:4      | Reached skill level 1 in Conjurations
  2634 | D:4      | Reached XP level 6. HP: 49/49 MP: 6/11
  2729 | D:4      | Noticed Eustachio
  2748 | D:4      | Killed Eustachio
  2748 | D:4      | Reached skill level 5 in Earth Magic
  3010 | D:5      | Entered Level 5 of the Dungeon
  3142 | D:5      | Found a staircase to the Ecumenical Temple.
  3158 | D:5      | Your scales start taking on a lurid green colour.
  3158 | D:5      | Reached XP level 7. HP: 54/56 MP: 2/13
  3158 | D:5      | Gained mutation: Your system is resistant to poisons.
                  | (rPois) [Green Draconian growth]
  3165 | Temple   | Entered the Ecumenical Temple
  3169 | Temple   | Became a worshipper of Sif Muna the Loreminder
  3571 | D:5      | Reached skill level 6 in Earth Magic
  3577 | D:5      | Learned a level 4 spell: Petrify
  3931 | D:6      | Reached skill level 5 in Spellcasting
  4272 | D:6      | Reached XP level 8. HP: 59/62 MP: 7/15
  4377 | D:6      | Reached * piety under Sif Muna
  4718 | D:6      | Found an iron altar of Okawaru.
  4798 | D:6      | Noticed Pikel
  4812 | D:6      | Killed Pikel
  4812 | D:6      | Reached skill level 7 in Earth Magic
  5464 | D:7      | Reached XP level 9. HP: 68/68 MP: 7/16
  5466 | D:7      | Reached ** piety under Sif Muna
  5476 | D:7      | Noticed Harold
  5674 | D:7      | Found a runed translucent door.
  5675 | D:7      | Noticed Crazy Yiuf
  5681 | D:7      | Killed Crazy Yiuf
  5893 | D:7      | HP: 1/102 [Harold/+0 trident (8)]
  5894 | D:7      | Killed Harold
  5894 | D:7      | Reached skill level 5 in Conjurations
  5894 | D:7      | Reached skill level 8 in Earth Magic
  6075 | D:7      | Reached skill level 5 in Dodging
  6078 | D:7      | Reached skill level 1 in Short Blades
  6191 | D:7      | Noticed Menkaure
  6229 | D:7      | Killed Menkaure
  6642 | D:8      | Got a twitching bone ring
  6731 | D:8      | Reached XP level 10. HP: 74/74 MP: 4/17
  6752 | D:7      | Reached *** piety under Sif Muna
  6976 | D:8      | Reached skill level 9 in Earth Magic
  8002 | D:9      | Noticed Erolcha
  8025 | D:9      | Reached skill level 5 in Stealth
  8025 | D:9      | Reached skill level 1 in Shields
  8323 | D:9      | Found a staircase to the Lair.
  9435 | D:10     | Entered Level 10 of the Dungeon
  9709 | D:10     | Identified the ring of Rotoav {rPois Dex+4} (You found it
                  | on level 8 of the Dungeon)
 10122 | D:10     | Noticed a two-headed ogre
 10191 | D:10     | Slain by an unseen horror

Skill      XL: |  1  2  3  4  5  6  7  8  9 10 |
---------------+-------------------------------+-----
Fighting       | 1 2 |  2.3
Spellcasting   | 3 4 5 |  5.1
Earth Magic    | 4 5 6 7 8 9 |  9.5
Conjurations   | 1 2 4 6 7 |  7.3
Dodging        | 2 4 5 6 |  6.1
Transmutations | 2 3 |  3.0
Stealth        | 3 4 5 |  5.0
Short Blades   | 2 3 |  3.9
Shields        | 2 |  2.3
Invocations    | |  0.7

Action                   |  1- 3 |  4- 6 |  7- 9 | 10-12 || total
-------------------------+-------+-------+-------+-------++-------
Melee: Unarmed           |    18 |       |       |       ||    18
       Hand axe          |   232 |   174 |    92 |       ||   498
       Tailslap          |    42 |    26 |    24 |     8 ||   100
       Dagger            |       |       |   154 |   104 ||   258
Throw: Stone             |       |       |     1 |       ||     1
 Cast: Sandblast         |    13 |    10 |    53 |    35 ||   111
       Stone Arrow       |     1 |    14 |    58 |    31 ||   104
       Lee's Rapid Decon |       |       |     7 |    15 ||    22
       Petrify           |       |       |    11 |    15 ||    26
       Passwall          |       |       |       |     4 ||     4
Invok: Divine Energy     |       |       |     1 |       ||     1
 Abil: Breathe Noxious F |       |       |     3 |     2 ||     5
Evoke: Wand              |       |       |     4 |       ||     4
  Use: Scroll            |       |       |     7 |     3 ||    10
       Potion            |       |       |     5 |     5 ||    10
 Stab: Sleeping          |     3 |     2 |     6 |     5 ||    16
       Petrified         |       |       |    36 |    14 ||    50
       Confused          |       |       |     1 |       ||     1
       Distracted        |       |       |       |     1 ||     1
  Eat: Chunk             |     2 |     7 |    21 |    15 ||    45
       Ration            |       |       |       |     1 ||     1
Armor: Skin              |    40 |    42 |    83 |    46 ||   211
Dodge: Dodged            |    88 |    70 |   175 |   120 ||   453
